 Dungeon Crawl Stone Soup version 0.31.0-32-g396128a36d (webtiles) character file.

Game seed: 12473947847006383649

126 Alphaeus the Changeling (level 5, -1/38 HPs)
             Began as a Merfolk Shapeshifter on Mar 19, 2024.
             Slain by an orc
             ... wielding a +0 trident
              (3 damage)
             ... on level 3 of the Dungeon.
             The game lasted 00:01:34 (1816 turns).

Alphaeus the Changeling (Merfolk Shapeshifter)      Turns: 1816, Time: 00:01:35

Health: -1/38      AC:  2    Str: 17    XL:     5   Next: 10%
Magic:  5/5        EV: 13    Int:  9    God:
Gold:   41         SH:  0    Dex: 13    Spells: 4/4 levels left

rFire   . .          .
                       - Unarmed
rCold   . . .        (no shield)
rNeg    . . .        a - +0 animal skin
rPois   .            (helmet currently unavailable)
rElec   .            (cloak currently unavailable)
rCorr   .            (gloves currently unavailable)
SInv    .            (boots currently unavailable)
Will    .....        (no amulet)
Stlth   +            (no ring)
HPRegen 0.26/turn    (no ring)
MPRegen 0.09/turn

%: no passive effects
@: beast-form
A: beast (slay +2), (nimble swimmer 2), mertail
a: Begin Untransformation


You were on level 3 of the Dungeon.
You were a hulking beast.
You visited 1 branch of the dungeon, and saw 3 of its levels.

You collected 41 gold pieces.

Inventory:

Armour
 a - a +0 animal skin (worn)
Jewellery
 e - a ring of wizardry
 k - a ring of ice
Talismans
 c - a beast talisman
 d - a flux talisman
Scrolls
 f - 2 scrolls of revelation {unknown}
 g - a scroll of fog {unknown}
 h - a scroll of enchant weapon {unknown}
 i - a scroll of silence {unknown}
 j - a scroll of teleportation {unknown}
 m - a scroll of immolation {unknown}
 o - a scroll of identify {unknown}
Potions
 b - 2 potions of lignification
 l - a potion of degeneration {unknown}
 n - a potion of heal wounds {unknown}
 p - a potion of brilliance {unknown}


   Skills:
 + Level 2.1 Fighting
 + Level 3.6 Dodging
 * Level 4.5 Unarmed Combat
 * Level 5.2 Shapeshifting


You had 4 spell levels left.
You didn't know any spells.
Your spell library contained the following spells:

 Spells                   Type           Power      Damage    Failure   Level
 Magic Dart               Conj           0%         1d3       38%         1
 Blink                    Tloc           0%         N/A       52%         2
 Call Imp                 Summ           0%         N/A       52%         2


Dungeon Overview and Level Annotations

Branches:
Dungeon (3/15)

Altars:


Innate Abilities, Weirdness & Mutations

You are a hulking beast.
Your limbs bulge with bestial killing power. (Slay +2)
((You are very nimble when in or above water. (Stealth+, EV+, Speed+++)))
Your lower body shifts to a powerful aquatic tail in water.


Message History

Found 15 gold pieces.
The orc priest hits you with a +0 club.
The orc priest invokes the aid of Beogh against you.
Pain shoots through your body! The orc hits you with a +0 flail.
You closely miss the orc. The orc barely misses you.
The orc closely misses you.
You punch the orc!
You kill the orc!
The orc closely misses you. The orc hits you but does no damage.
The orc priest looks satisfied for a moment.
The orc misses you.
Things that are here:
a +0 flail; an orc corpse The orc attacks as it pursues you!
The orc completely misses you. The orc closely misses you.
You hit the orc but do no damage. The orc hits you with a +0 dagger.
The orc barely misses you.
You hit the orc but do no damage. The orc barely misses you.
You hit the orc but do no damage. The orc closely misses you.
The orc priest begins to cast a cantrip, but forgets the words!
You hit the orc but do no damage. The orc hits you but does no damage.
The orc hits you from afar with a +0 trident.
You hit the orc.
The orc is heavily wounded.
The orc hits you with a +0 dagger.
The orc hits you from afar with a +0 trident!
You punch the orc!
You kill the orc!
The orc barely misses you.
You hit the orc priest.
The orc priest is heavily wounded.
The orc priest misses you. The orc barely misses you.
You punch the orc priest!
The orc priest is almost dead.
The orc priest calls down the wrath of Beogh upon you.
Beogh smites you!
* * * LOW HITPOINT WARNING * * *
The orc hits you from afar with a +0 trident.
You die...

#.....# #.....# #.....###
####....# #....# ########
#....# #......# #....#
###########......####....#
.......ooh'......'........
..#....o###......####.####
#.....# #......## #.#
#.....# #.......# #.#
#.....# ####....# #.#
#.....# #.)..###.# #....$#
#....'...# #######
#....##### #...<#


You could see an orc priest and 2 orcs.

Vanquished Creatures
  Jessica (D:3)
  Terence (D:3)
  2 adders (D:2)
  2 orcs (D:3)
  2 endoplasms
  4 giant cockroaches
  5 goblins
  3 hobgoblins
  8 jackals (D:2)
  4 kobolds
  A quokka (D:3)
  9 ball pythons
  6 bats
  3 frilled lizards
  A rat (D:2)
52 creatures vanquished.

Notes
Turn   | Place    | Note
-------+----------+-------------------------------------------
     0 | D:1      | Alphaeus the Merfolk Shapeshifter began the quest for the
                  | Orb.
     0 | D:1      | Reached XP level 1. HP: 15/15 MP: 1/1
   262 | D:1      | Reached XP level 2. HP: 18/21 MP: 2/2
   870 | D:2      | Reached XP level 3. HP: 23/26 MP: 3/3
  1292 | D:2      | Reached XP level 4. HP: 32/33 MP: 4/4
  1536 | D:3      | Noticed Terence
  1559 | D:3      | Killed Terence
  1560 | D:3      | Reached skill level 5 in Shapeshifting
  1703 | D:3      | Noticed Jessica
  1715 | D:3      | Killed Jessica
  1716 | D:3      | Reached XP level 5. HP: 38/38 MP: 5/5
  1816 | D:3      | Slain by an orc

Illustrated notes

Levels and vault maps discovered:
D:1:      lightli_arrival_maybe_door_vault, layout_basic,
          chequers_serial_rivers_micro_c, minivault_19
D:2:      layout_loops_ring
D:3:      layout_basic, nicolae_overflow_ecumenical_swirl,
          mainiacjoe_overflow_concentric_impassable, grunt_decor_resistance,
          uniq_robin, uniq_jessica, uniq_terence

Skill      XL: |  1  2  3  4 |
---------------+-------------+-----
Dodging        | 3 |  3.6
Unarmed Combat | 4 |  4.5
Fighting       | 2 |  2.1
Shapeshifting  | 5 |  5.2

Action                     |  1- 3 |  4- 6 || total
---------------------------+-------+-------++-------
  Melee: Unarmed           |    78 |    51 ||   129
         Punch             |     3 |       ||     3
    Use: Potion            |       |     1 ||     1
   Stab: Sleeping          |     2 |     1 ||     3
         Distracted        |     1 |       ||     1
 Armour: Animal skin       |    42 |    34 ||    76
  Dodge: Dodged            |    62 |    35 ||    97
